 Dungeon Crawl Stone Soup version 0.31-a0-1068-g5939ac1fb6 (webtiles) character file.

Game seed: 4550505042805516510

285 HornetDC the Cleaver (level 6, -1/51 HPs)
             Began as a Minotaur Berserker on Nov 24, 2023.
             Was a Priest of Trog.
             Slain by a gnoll
             ... wielding a +0 whip
             ... led by a gnoll bouda
              (7 damage)
             ... on level 4 of the Dungeon.
             The game lasted 00:23:37 (2956 turns).

HornetDC the Cleaver (Minotaur Berserker)           Turns: 2956, Time: 00:23:37

Health: -1/51      AC:  8    Str: 23    XL:     6   Next: 7%
Magic:  5/5        EV:  9    Int:  4    God:    Trog [***...]
Gold:   171        SH:  0    Dex: 10    Spells: 5/5 levels left

rFire   . . .        u - +0 war axe
rCold   . . .        (no shield)
rNeg    . . .        r - +0 chain mail
rPois   .            (helmet restricted)
rElec   .            (no cloak)
rCorr   .            (no gloves)
SInv    .            (no boots)
Will    .....        (no amulet) Stlth
                     (no ring)
HPRegen 0.28/turn    (no ring)
MPRegen 0.09/turn

%: no passive effects
@: weakened, on berserk cooldown, slowed, very slow
A: horns 2, retaliatory headbutt
a: Renounce Religion, Berserk, Trog's Hand


You were on level 4 of the Dungeon.
You worshipped Trog.
Trog was most pleased with you.
You visited 1 branch of the dungeon, and saw 4 of its levels.

You collected 171 gold pieces.

Inventory:

Hand Weapons
 e - a +1 hand axe of electrocution
 g - a +3 dagger
 l - a +1 whip of draining
 m - a +0 mace of venom
 t - a +1 heavy hand axe
 u - a +0 war axe (weapon)
 x - a +0 hand axe of freezing
 G - a +2 mace of protection
 K - a +2 dagger of venom
 M - a +0 sling
 Q - a +0 trident
Missiles
 d - 2 throwing nets (quivered)
 n - 22 stones
 y - 5 silver javelins
 J - 5 poisoned darts
Armour
 b - a +0 animal skin
 c - a +0 robe
 h - a +0 helmet
 i - a +0 ring mail
 q - a +0 leather armour
 r - a +0 chain mail (worn)
 H - a +0 robe
 P - a +0 robe
 T - a +0 ring mail
Jewellery
 C - an amulet of faith
Scrolls
 f - 5 scrolls of identify {unknown}
 j - a scroll of summoning {unknown}
 k - 2 scrolls of teleportation {unknown}
 p - 2 scrolls of immolation {unknown}
 s - a scroll of fear {unknown}
 v - a scroll of fog {unknown}
Potions
 a - a potion of degeneration {unknown}
 o - a potion of attraction {unknown}
 w - a potion of might {unknown}
 z - a potion of haste {unknown}
 A - 2 potions of heal wounds {unknown}
 N - 2 potions of curing {unknown}
 O - a potion of brilliance {unknown}


   Skills:
 - Level 3.6 Fighting
 + Level 8.1 Axes
 - Level 1.3(5.2) Maces & Flails
 - Level 2.4 Armour
 - Level 2.1 Dodging


You had 5 spell levels left.
You didn't know any spells.
Your spell library contained the following spells:

 Spells                   Type           Power      Damage    Failure   Level
 Sandblast                Erth           0%         2d4       98%         1
 Lesser Beckoning         Tloc           0%         N/A       99%         2
 Passwall                 Tmut/Erth      0%         N/A       99%         2
 Static Discharge         Conj/Air       0%         3-3/arc   99%         2
 Gell's Gravitas          Tloc           0%         N/A       100%        3
 Stone Arrow              Conj/Erth      0%         3d7       100%        3
 Teleport Other           Tloc           0%         N/A       100%        3
 Airstrike                Air            0%         2d(0-16)  100%        4
 Brom's Barrelling Bould  Conj/Erth      0%         2d3       100%        4
 Summon Lightning Spire   Summ/Air       0%         N/A       100%        4


Dungeon Overview and Level Annotations

Branches:
Dungeon (4/15)
 Temple: D:4-7

Altars:
Makhleb


Innate Abilities, Weirdness & Mutations

You have a pair of horns on your head.
You reflexively headbutt those who attack you in melee.


Message History

The gnoll hits you from afar with a +0 spear.
A gnoll comes into view. It is wielding a +0 whip.
The gnoll hits you but does no damage. The gnoll closely misses you.
You furiously retaliate!
You headbutt the gnoll. The gnoll closely misses you.
You see here a worm corpse.
The gnoll hits you from afar with a +0 spear.
The gnoll closely misses you. You furiously retaliate!
You headbutt the gnoll. The gnoll barely misses you. x3
You slash the gnoll bouda!
You headbutt the gnoll bouda, but do no damage.
The gnoll bouda is heavily wounded.
You hit the gnoll. The gnoll hits you with a +0 whip.
The gnoll hits you from afar with a +0 halberd.
The gnoll bouda hits you but does no damage.
The gnoll hits you but does no damage. The gnoll closely misses you.
The gnoll barely misses you. You furiously retaliate!
You headbutt the gnoll.
You kill the gnoll!
Trog accepts your kill.
The gnoll bouda calls upon its god to heal the gnoll.
The gnoll is healed somewhat.
The gnoll hits you with a +0 halberd! The gnoll attacks as it pursues you!
The gnoll hits you from afar with a +0 spear. x2
The gnoll bouda gazes fiercely through you!
You feel your attacks grow feeble.
The gnoll bouda hits you with a +0 whip.
The gnoll hits you with a +0 halberd!
* * * LOW HITPOINT WARNING * * *
The gnoll hits you but does no damage. The gnoll attacks as it pursues you!
The gnoll hits you but does no damage. The gnoll attacks as it pursues you!
The gnoll hits you from afar with a +0 spear.
* * * LOW HITPOINT WARNING * * *
The gnoll barely misses you. The gnoll bouda barely misses you.
You furiously retaliate!
You headbutt the gnoll bouda. The gnoll closely misses you.
The gnoll hits you from afar with a +0 spear.
* * * LOW HITPOINT WARNING * * *
The gnoll barely misses you. The gnoll bouda barely misses you.
The gnoll hits you but does no damage. The gnoll hits you with a +0 whip!
You die...

..........<..
....................## ...####
..###................##.......
.###...##...............>.....#
.#...<...##.......#...........##
..........##......#.............
#....................#..........
.....†###.###.....g..#..........
..##...##.##....@gg..#..........
.....)..#.##.#...gg.)†w.........
...........#.##......†..........
........#....##.#####..)......#.
........##.##########.........#
..†.#.......## ##∩##..........#
....####.....# ##._.#.>.........
...### #.....###.†..#....##.....
#....# ###....##...##....# ...##


You could see a gnoll bouda, a worm and 4 gnolls.

Vanquished Creatures
  A black bear (D:4)
  An orc priest (D:4)
  A hound (D:4)
  A gnoll (D:4)
  3 adders
  2 worms (D:4)
  A dart slug (D:3)
  11 orcs
  5 ball pythons
  7 bats
  6 endoplasms
  6 giant cockroaches
  6 goblins
  5 hobgoblins
  2 jackals (D:1)
  4 quokkas
  4 frilled lizards (D:2)
  7 kobolds
  9 rats
82 creatures vanquished.

Notes
Turn   | Place    | Note
-------+----------+-------------------------------------------
     0 | D:1      | HornetDC the Minotaur Berserker began the quest for the
                  | Orb.
     0 | D:1      | Reached XP level 1. HP: 19/19 MP: 0/0
   143 | D:1      | Reached skill level 4 in Axes
   296 | D:1      | Reached XP level 2. HP: 26/26 MP: 1/1
   590 | D:1      | Reached ** piety under Trog
   657 | D:1      | Reached skill level 5 in Axes
   723 | D:1      | Reached XP level 3. HP: 31/31 MP: 2/2
  1330 | D:2      | Found a faded altar of an unknown god.
  1998 | D:3      | Reached skill level 1 in Maces & Flails
  2038 | D:3      | Reached XP level 4. HP: 39/39 MP: 3/3
  2371 | D:3      | Reached *** piety under Trog
  2439 | D:3      | Reached skill level 6 in Axes
  2703 | D:4      | Reached XP level 5. HP: 36/45 MP: 4/4
  2887 | D:4      | Found a burning altar of Makhleb.
  2893 | D:4      | Reached skill level 7 in Axes
  2927 | D:4      | Noticed a black bear
  2937 | D:4      | Killed a black bear
  2938 | D:4      | Reached skill level 8 in Axes
  2938 | D:4      | Reached XP level 6. HP: 51/51 MP: 5/5
  2956 | D:4      | Slain by a gnoll

Illustrated notes

Levels and vault maps discovered:
D:1:      onia_arrival_mini_maze_b, layout_basic, minmay_ruptured
D:2:      layout_loops_cross, ebering_ecumenical_altar_ruins
D:3:      layout_loops_cross
D:4:      lemuel_castle_with_subvaults [lemuel_castle_interior_carwin_1],
          layout_cave_pools, mainiacjoe_overflow_divided_tiny,
          makhleb_blood_cavern_becter

Skill      XL: |  1  2  3  4  5 |
---------------+----------------+-----
Axes           | 4 5 6 8 |  8.1
Maces & Flails | 1 |  1.3
Fighting       | |  3.6
Armour         | |  2.4
Dodging        | |  2.1

Action                     |  1- 3 |  4- 6 || total
---------------------------+-------+-------++-------
  Melee: Hand axe          |   107 |       ||   107
         Headbutt          |     6 |    11 ||    17
         Mace              |    16 |     6 ||    22
         War axe           |       |    53 ||    53
         Punch             |       |     1 ||     1
 Invoke: Berserk           |       |     2 ||     2
 Armour: Animal skin       |    12 |       ||    12
         Ring mail         |    43 |    18 ||    61
         Chain mail        |       |    36 ||    36
  Dodge: Dodged            |    59 |    49 ||   108

Table legend: (Time is in decaauts)
 A = Elapsed time spent in this place.
 B = Non-inter-level travel time spent in this place.
 C = Inter-level travel time spent in this place.
 D = Time resting spent in this place.
 E = Time spent auto-exploring this place.
 F = Levels seen in this place.
 G = Mean time per level.
                   A        B        C        D        E       F      G
               +--------+--------+--------+--------+--------+-----+--------+
         Total |   2987 |   2872 |    115 |      0 |   1903 |   4 |  746.8 |
       Dungeon |   2987 |   2872 |    115 |      0 |   1903 |   4 |  746.8 |
               +--------+--------+--------+--------+--------+-----+--------+

Top non-repeatable levels by time:
     D:1: 1216 daAuts
     D:3: 720 daAuts
     D:2: 689 daAuts
     D:4: 360 daAuts
